 Dungeon Crawl Stone Soup version 0.24-a0-417-g1cce26a4d2 (webtiles) character file.

Game seed: 14585789270186914456

6358 Amnesiac the Martial Artist (level 10, -5/72 HPs)
             Began as an Octopode Transmuter on June 10, 2019.
             Was an Initiate of Gozag.
             Slain by a porcupine (14 damage)
             ... on level 10 of the Dungeon.
             The game lasted 00:20:49 (11799 turns).

Amnesiac the Martial Artist (Octopode Transmuter)  Turns: 11799, Time: 00:20:49

Health: -5/72      AC:  2    Str: 11    XL:     10   Next: 96%
Magic:  14/14      EV: 27    Int: 17    God:    Gozag
Gold:   1069       SH:  0    Dex: 20    Spells: 6/14 levels left

rFire    . . .     SeeInvis .     - Unarmed
rCold    . . .     Gourm    .   (shield currently unavailable)
rNeg     . . .     Faith    .   (helmet currently unavailable)
rPois    x         Spirit   .   E - amulet of the acrobat
rElec    .         Reflect  .   e - +2 ring of strength
rCorr    .         Harm     .   (no ring)
MR       .....                  (no ring)
Stlth    ++++......             (no ring)
HPRegen  0.22/turn              (no ring)
MPRegen  0.14/turn              (no ring)
                                (no ring)
                                (no ring)

@: spider-form (expiring), gold aura, very slightly contaminated
A: tiny, almost no armour, stealthy swim, (amphibious), 8 rings, (constrict 8)
a: End Transformation, Potion Petition, Call Merchant, Bribe Branch, Renounce
Religion


You were on level 10 of the Dungeon.
You worshipped Gozag.
Gozag was most pleased with you.
You were not hungry.
You were a venomous arachnid creature.
You visited 2 branches of the dungeon, and saw 11 of its levels.
You also visited: Ossuary.

You collected 1458 gold pieces.
You spent 224 gold pieces at shops.
You paid 165 gold pieces to Gozag.

Inventory:

Missiles
 a - 194 arrows
 i - 46 poisoned darts (quivered)
 w - a throwing net
Armour
 F - a +2 hat (melded)
Jewellery
 e - a +2 ring of strength (left front leg)
 l - an uncursed ring of ice
 E - an amulet of the acrobat (around neck)
Wands
 r - a wand of clouds (3)
 x - a wand of flame (32)
 B - a wand of acid (13)
 H - a wand of digging (2)
Scrolls
 b - 5 scrolls of remove curse {!r}
 d - 2 scrolls of teleportation {!r}
 k - 5 scrolls of identify {!r}
 m - 2 scrolls of enchant armour {!r}
 t - 6 scrolls of fear {!r}
 v - a scroll of blinking {!r}
 y - 2 scrolls of magic mapping {!r}
 z - 2 scrolls of enchant weapon {!r}
 D - a scroll of random uselessness {!r, unknown}
Potions
 f - 3 potions of haste {!q}
 g - a potion of curing {!q}
 h - a potion of ambrosia {!q, unknown}
 j - 3 potions of brilliance {!q}
 n - 3 potions of flight {!q}
 o - 2 potions of magic {!q}
 p - a potion of cancellation {!q}
 q - a potion of agility {!q}
 s - a potion of invisibility {!q, unknown}
 u - a potion of lignification {!q}
 A - a potion of resistance {!q}
 C - 2 potions of might {!q}
Miscellaneous
 G - a lamp of fire
Comestibles
 c - 15 rations


   Skills:
 + Level 7.7 Fighting
 + Level 7.7 Dodging
 - Level 8.0 Stealth
 * Level 10.9 Unarmed Combat
 + Level 2.6 Spellcasting
 + Level 2.7 Transmutations


You had 6 spell levels left.
You knew the following spells:

 Your Spells              Type           Power        Failure   Level  Hunger
a - Apportation           Tloc           #.....       38%         1    #......
b - Sticks to Snakes      Tmut           ##......     22%         2    ##.....
c - Summon Small Mammal   Summ           #...         38%         1    #......
e - Spider Form           Tmut/Pois      #.........   52%         3    ###....
z - Confusing Touch       Hex            #.....       38%         1    #......

Your spell library contained the following spells:

 Spells                   Type           Power        Failure   Level  Hunger
 Beastly Appendage        Tmut           ##....       17%         1    #......
 Animate Skeleton         Necr           N/A          38%         1    #......
 Ice Form                 Ice/Tmut       #.......     87%         4    #####..
 Blade Hands              Tmut           ##........   95%         5    ######.


Dungeon Overview and Level Annotations

Branches:
Dungeon (10/15)            Temple (1/1) D:5            Lair (0/6) D:10
    Orc: D:9-12

Altars:
Ashenzari
Cheibriados
Dithmenos
Elyvilon
Fedhas
Gozag
Hepliaklqana
Kikubaaqudgha
Makhleb
Nemelex Xobeh
Okawaru
Qazlal
Ru
Sif Muna
Trog
Uskayaw
Vehumet
Wu Jian
Xom
Yredelemnul
Zin
The Shining One
Beogh

Shops:
D:4 (   D:8 (   D:9 [


Innate Abilities, Weirdness & Mutations

You cannot wear most types of armour.
You are very stealthy in the water. (Stealth+)
((You are amphibious.))
You can wear up to eight rings at the same time.
((You can use your tentacles to constrict eight enemies at once.))
((Your skin changes colour to match your surroundings (Stealth+).))
((Your rubbery body absorbs attacks. (AC +1, EV +1)))


Message History

The black bear claws you.
You bludgeon the black bear! You grab the black bear.
The black bear is severely wounded.
You constrict the black bear.
The black bear goes berserk!
The porcupine bites you but does no damage.
You tentacle-slap the black bear.
The black bear is almost dead.
You constrict the black bear. The black bear bites you!
The black bear claws you. The black bear misses you.
The porcupine barely misses you.
You bludgeon the black bear!
You kill the black bear!
The porcupine completely misses you.
Casting: Spider Form (safe; 30% risk of failure)
Confirm with . or Enter, or press ? or * to list all spells.
You miscast Spider Form.
You are very lightly contaminated with residual magic.
Multicoloured lights dance before your eyes!
The porcupine twitches its whiskers.
The porcupine closely misses you.
Casting: Spider Form (safe; 30% risk of failure)
Confirm with . or Enter, or press ? or * to list all spells.
You miscast Spider Form.
You feel a strange surge of energy! The porcupine misses you.
Casting: Spider Form (safe; 30% risk of failure)
Confirm with . or Enter, or press ? or * to list all spells.
You turn into a venomous arachnid creature.
The porcupine becomes distracted by the nearby gold, dreaming of imaginary riches.
You hit the porcupine.
The porcupine is poisoned.
The porcupine is no longer distracted by gold.
The porcupine is moderately wounded.
The porcupine bites you!
* * * LOW HITPOINT WARNING * * *
You are struck by the porcupine's spines.
* * * LOW HITPOINT WARNING * * *
You hit the porcupine but do no damage.
The porcupine looks as sick as possible!
The porcupine is moderately wounded.
The porcupine barely misses you.
You barely miss the porcupine.
The porcupine is heavily wounded.
The porcupine bites you!
* * * LOW HITPOINT WARNING * * *
Really quaff
g - 3 potions of curing {!q}?
You feel better. The porcupine barely misses you.
Evoke which item? (* to show all) (? for menu, Esc to quit)
Aiming: Throw Flame
Press: ? - help, Shift-Dir - straight line, f - porcupine
Aim: a porcupine (heavily wounded, poisoned)
The puff of flame misses the porcupine.
The puff of flame hits the plant!
The plant is lightly damaged.
The porcupine bites you!
* * * LOW HITPOINT WARNING * * *
Really quaff
f - 3 potions of haste {!q}?
Okay, then.
Really quaff
g - 2 potions of curing {!q}?
You feel better.
Your transformation is almost over.
The porcupine closely misses you. The porcupine barely misses you.
Really quaff
o - 3 ruby potions {!q}?
It was a potion of magic {!q}.
Magic courses through your body. The porcupine bites you!
You die...
Your body crumbles into a pile of gold.

+.../.P....PP.
.$.......P.PP
.....PPP..P.PP
...P.P.....PP
#.....P..P.P>
#...PP.PP.P.P
#....PP.PPPP
#########..r.P.PPPP.
#..$sr.....P..P.P...
#.######..P...PPP..P
#..$....P...P.
.#####.....##......
......##.##.###..P.
.###...$...........
.........##.#### ##
######.#.# ## ##...


You could see 2 porcupines.

Vanquished Creatures
  A two-headed ogre (D:9)
  Pikel (D:7)
  3 yaks (D:9)
  2 hungry ghosts
  2 porcupines (D:10)
  4 slaves (D:7)
  4 sky beasts
  4 orc warriors
  2 ice beasts
  A black bear (D:10)
  A phantom (D:8)
  2 ogres (D:8)
  4 centaurs
  A crocodile (D:9)
  A wyvern zombie (D:9)
  2 water moccasin skeletons
  8 scorpions (Ossuary)
  5 killer bees (D:8)
  3 wights (D:9)
  A howler monkey (D:8)
  5 crimson imps
  2 centaur zombies (Ossuary)
  A jelly (D:5)
  A quasit (D:5)
  5 human zombies (Ossuary)
  A centaur skeleton (D:6)
  6 orc priests
  A hound (D:10)
  An iron imp (D:9)
  6 orc wizards
  Natasha (thrice) (D:4)
  A bullfrog skeleton (D:9)
  4 iguanas
  7 worker ants
  2 big kobold zombies (Ossuary)
  3 mummies (Ossuary)
  Robin (D:3)
  6 adders
  3 gnolls (D:9)
  A howler monkey skeleton (D:8)
  4 scorpion zombies (Ossuary)
  A shadow imp (D:7)
  An adder skeleton (D:5)
  An adder zombie (D:6)
  4 worms
  A dart slug (D:2)
  3 leopard geckos
  45 orcs
  2 ball pythons
  9 giant cockroaches
  2 gnoll zombies (Ossuary)
  18 goblins
  14 hobgoblins
  19 jackals
  7 quokkas
  7 bats
  5 frilled lizards
  A goblin skeleton (D:9)
  3 goblin zombies (Ossuary)
  4 hobgoblin zombies (D:9)
  5 kobolds
  A kobold skeleton (D:9)
  3 kobold zombies (Ossuary)
  A leopard gecko skeleton (D:8)
  2 orc skeletons (D:9)
  2 orc zombies
  A quokka skeleton (D:4)
  A quokka zombie (D:5)
  10 rats
289 creatures vanquished.

Vanquished Creatures (others)
  A yak (D:9)
  A bullfrog (D:7)
  5 fungi (D:10)
  A plant (D:10)
8 creatures vanquished.

Grand Total: 297 creatures vanquished

Notes
Turn   | Place    | Note
-------+----------+-------------------------------------------
     0 | D:1      | Amnesiac the Octopode Transmuter began the quest for the
                  | Orb.
     0 | D:1      | Reached XP level 1. HP: 13/13 MP: 3/3
   100 | D:1      | Reached XP level 2. HP: 13/19 MP: 5/5
   374 | D:1      | Learned a level 2 spell: Sticks to Snakes
   524 | D:1      | Reached XP level 3. HP: 22/24 MP: 6/6
   684 | D:3      | Noticed Robin
   718 | D:2      | Found a glowing golden altar of the Shining One.
   718 | D:2      | Found a blossoming altar of Fedhas.
  1086 | D:2      | Reached XP level 4. HP: 30/30 MP: 7/7
  1660 | D:3      | Reached skill level 4 in Unarmed Combat
  1822 | D:3      | Killed Robin
  2049 | D:3      | Reached XP level 5. HP: 29/36 MP: 8/8
  2660 | D:3      | Found a sacrificial altar of Ru.
  2667 | D:3      | Found a shadowy altar of Dithmenos.
  3135 | D:4      | Reached skill level 1 in Stealth
  3258 | D:4      | Reached XP level 6. HP: 35/42 MP: 9/9
  3667 | D:4      | Noticed Natasha
  3881 | D:4      | Killed Natasha
  3881 | D:4      | Reached skill level 5 in Unarmed Combat
  4137 | D:4      | Found Unup's Antique Weapon Shoppe.
  4249 | D:4      | Noticed Natasha
  4258 | D:4      | Killed Natasha
  4656 | D:4      | Found Unup's Antique Weapon Shoppe.
  4670 | D:4      | Noticed Natasha
  4678 | D:4      | Killed Natasha
  4699 | D:5      | Entered Level 5 of the Dungeon
  4711 | D:5      | Reached XP level 7. HP: 7/46 MP: 10/10
  4929 | D:5      | Learned a level 3 spell: Spider Form
  5176 | D:5      | Found a staircase to the Ecumenical Temple.
  5198 | Temple   | Entered the Ecumenical Temple
  5565 | D:5      | Reached skill level 6 in Unarmed Combat
  5824 | D:5      | Reached XP level 8. HP: 25/54 MP: 11/11
  6553 | D:6      | Reached skill level 5 in Stealth
  6757 | D:7      | Found a white marble altar of Elyvilon.
  6785 | D:7      | Reached skill level 7 in Unarmed Combat
  7170 | D:7      | Noticed Pikel
  7201 | D:7      | Killed Pikel
  7201 | D:7      | Reached skill level 5 in Fighting
  7201 | D:7      | Reached skill level 5 in Dodging
  7201 | D:7      | Reached XP level 9. HP: 22/61 MP: 2/12
  7559 | D:8      | Found Apnuampat's Weapon Shoppe.
  7660 | D:8      | Reached skill level 8 in Unarmed Combat
  7772 | D:8      | Found an opulent altar of Gozag.
  7772 | D:8      | Found an ancient bone altar of Kikubaaqudgha.
  7773 | D:8      | Found a deep blue altar of Sif Muna.
  7779 | D:8      | Became a worshipper of Gozag Ym Sagoz the Greedy
  8113 | D:8      | Found a sand-covered staircase.
  8194 | Ossuary  | Entered an ossuary
  8736 | Ossuary  | Reached skill level 9 in Unarmed Combat
  9344 | D:8      | Reached XP level 10. HP: 69/69 MP: 9/13
  9453 | D:9      | Noticed a two-headed ogre
  9681 | D:9      | Killed a two-headed ogre
  9690 | D:9      | Learned a level 1 spell: Confusing Touch
  9694 | D:9      | Learned a level 1 spell: Apportation
 10033 | D:8      | Found a roughly hewn altar of Beogh.
 10305 | D:9      | Reached skill level 10 in Unarmed Combat
 10887 | D:9      | Learned a level 1 spell: Summon Small Mammal
 11007 | D:9      | Found Imaghoi's Antique Armour Emporium.
 11023 | D:9      | Bought an embroidered hat for 224 gold pieces
 11128 | D:9      | Found a glowing golden altar of the Shining One.
 11518 | D:10     | Entered Level 10 of the Dungeon
 11565 | D:10     | Found a staircase to the Lair.
 11797 | D:10     | HP: 2/72 [porcupine (13)]
 11799 | D:10     | Slain by a porcupine

Levels and vault maps discovered:
D:1:      eino_arrival_water_star, layout_rooms, serial_bayou_ford_a
D:2:      layout_rooms, gammafunk_temple_overflow_elements, minivault_26
D:3:      layout_basic, amethyst_overflow_temple_binary, uniq_robin
D:4:      layout_gridville, serial_shops, shop, uniq_natasha
D:5:      layout_basic, minmay_temple_entry_tees, first_ration
D:6:      layout_basic
D:7:      layout_basic, elyvilon_altar_5, uniq_pikel
D:8:      layout_loops_corners, gammafunk_temple_overflow_claw, serial_shops,
          shop, nicolae_ossuary_entry_false_entrances, special_room
          [special_room_orc], grunt_ogre_cave
D:9:      layout_gridville, serial_shops, shop_fountains,
          hangedman_abyss_or_decor_stagger, minmay_fountain_box,
          nicolae_tso_besieged_by_evil
D:10:     layout_loops_corners, due_lair_maze_entry_diamond, orc_0_dummy,
          serial_ice, serial_ice_l, serial_ice_m, serial_ice_h, serial_ice_b,
          serial_ice_a, serial_ice_e, serial_ice_n
Temple:   jpeg_temple_clearing

Skill      XL: |  1  2  3  4  5  6  7  8  9 10 |
---------------+-------------------------------+-----
Fighting       | 2 3 4 5 6 7 |  7.7
Unarmed Combat | 4 5 6 7 9 10 | 10.9
Dodging        | 3 4 5 6 7 |  7.7
Stealth        | 1 2 4 6 7 8 |  8.0
Spellcasting   | |  2.6
Transmutations | |  2.7

Action                   |  1- 3 |  4- 6 |  7- 9 | 10-12 || total
-------------------------+-------+-------+-------+-------++-------
Melee: Unarmed           |   108 |   204 |   377 |   217 ||   906
       Constrict         |    30 |    53 |    59 |    31 ||   173
       Tentacles         |    11 |    43 |    63 |    25 ||   142
       Punch             |     3 |     6 |    16 |     9 ||    34
 Cast: Spider Form       |       |       |    11 |    14 ||    25
       Sticks to Snakes  |       |       |     1 |       ||     1
       Confusing Touch   |       |       |       |     1 ||     1
Evoke: Wand              |       |       |     4 |     1 ||     5
  Use: Scroll            |       |       |    14 |       ||    14
       Potion            |       |       |     7 |     3 ||    10
 Stab: Sleeping          |     3 |     6 |    13 |     7 ||    29
       Distracted        |       |     1 |       |     2 ||     3
       Confused          |       |       |       |     2 ||     2
  Eat: Chunk             |     1 |    11 |    11 |       ||    23
       Ration            |       |       |     2 |     4 ||     6
Armor: Skin              |    13 |    15 |    35 |     7 ||    70
Dodge: Dodged            |    85 |   101 |   219 |   157 ||   562

Table legend:
 A = Non-vault XP
 B = Vault XP
 C = Vault XP percentage of total XP
 D = Non-vault monster count
 E = Vault monster count
 F = Vault count percentage of total count
                 A         B        C        D         E       F
            +---------+---------+-------+---------+---------+-------
      Total |    6216 |    2867 |  31.6 |     200 |      84 |  29.6
            +---------+---------+-------+---------+---------+-------
        D:1 |      37 |       0 |   0.0 |      23 |       0 |   0.0
        D:2 |      53 |       4 |   7.0 |      24 |       2 |   7.7
        D:3 |      92 |      30 |  24.6 |      32 |       9 |  22.0
        D:4 |     306 |      39 |  11.3 |      25 |       1 |   3.8
        D:5 |     545 |       0 |   0.0 |      17 |       0 |   0.0
        D:6 |     554 |       0 |   0.0 |      14 |       0 |   0.0
        D:7 |     285 |     593 |  67.5 |       8 |       1 |  11.1
        D:8 |    1047 |     606 |  36.7 |      19 |      26 |  57.8
        D:9 |    3091 |     158 |   4.9 |      35 |      11 |  23.9
       D:10 |      79 |     412 |  83.9 |       2 |       3 |  60.0
     Temple |     127 |       0 |   0.0 |       1 |       0 |   0.0
    Ossuary |       0 |    1025 | 100.0 |       0 |      31 | 100.0
            +---------+---------+-------+---------+---------+-------
